 Dungeon Crawl Stone Soup version 0.17-a0-1711-gc5340a3 (webtiles) character file.

53 kae the Chiller (level 3, 0/24 HPs)
             Began as a Demonspawn Ice Elementalist on Aug 22, 2015.
             Killed from afar by Natasha (7 damage)
             ... with a magic dart
             ... on level 2 of the Dungeon.
             The game lasted 00:02:43 (2411 turns).

kae the Chiller (Demonspawn Ice Elementalist)       Turns: 2411, Time: 00:02:44

Health: 0/24       AC:  5    Str:  4 (8)  XL:     3   Next: 64%
Magic:  6/6        EV: 12    Int: 17      God:
Gold:   98         SH:  2    Dex: 13      Spells: 2 memorised, 4 levels left

rFire  . . .     SeeInvis .     t - staff of wizardry
rCold  . . .     Clarity  .     a - +0 robe
rNeg   . . .     SustAt   .     (no shield)
rPois  .         Gourm    .     (no helmet)
rElec  .         Spirit   .     (no cloak)
rCorr  .         Warding  .     q - +0 pair of gloves
rMut   .         Stasis   +     (no boots)
MR     .....                    k - amulet of stasis
Stlth  ++........               n - ring of wizardry (curse)
                                h - ring of wizardry

@: not resistant to hostile enchantments, unstealthy
A: large bone plates 1, spiny 1
a: no special abilities


You were on level 2 of the Dungeon.
You were not hungry.

You visited 1 branch of the dungeon, and saw 2 of its levels.

You collected 98 gold pieces.

Inventory:

Hand weapons
 i - a +0 dagger
Missiles
 s - 5 tomahawks (quivered)
Armour
 a - a +0 robe (worn)
 q - a +0 pair of gloves (worn)
Magical staves
 t - an uncursed staff of wizardry (weapon)
Jewellery
 h - a ring of wizardry (left hand)
 k - an amulet of stasis (around neck)
 n - a cursed ring of wizardry (right hand)
Scrolls
 d - a scroll of identify {unknown}
 o - a scroll of immolation {unknown}
 u - a scroll of teleportation {unknown}
Potions
 e - a potion of might
 l - a potion of degeneration
 m - a potion of agility {unknown}
 p - a potion of ambrosia {unknown}
Books
 b - a book of Frost

   Spells                             Type                      Level
   a - Freeze                         Ice                          1
   b - Throw Frost                    Conjuration/Ice              2
   c - Ozocubu's Armour               Charms/Ice                   3
   d - Throw Icicle                   Conjuration/Ice              4
   e - Summon Ice Beast               Ice/Summoning                4
   f - Condensation Shield            Ice                          4
Comestibles
 c - 3 bread rations
 f - 3 fruits
 j - 2 meat rations
 r - 2 chunks of flesh


   Skills:
 - Level 1.7 Dodging
 - Level 1.7 Stealth
 + Level 2.5 Spellcasting
 * Level 1.3 Conjurations
 * Level 3.8 Ice Magic


You had 4 spell levels left.
You knew the following spells:

 Your Spells              Type           Power        Failure   Level  Hunger
a - Freeze                Ice            ###.         1%          1    #......
b - Throw Frost           Conj/Ice       ##....       2%          2    ##.....


Dungeon Overview and Level Annotations

Branches:
Dungeon (2/15)

Altars:

Annotations:
D:2 Natasha


Innate Abilities, Weirdness & Mutations

You are partially covered in large bone plates (AC +2, SH +2).
You are partially covered in sharp spines.


Message History

You're too confused to cast spells.
Drink which item? (? for menu, Esc to quit)
It was a potion of might.
You feel very mighty all of a sudden. Natasha is struck by your spines.
Natasha claws you but does no damage.
The white imp shouts, "Face thy requiem, thou bawdy ruttish nert!"
Drink which item? (? for menu, Esc to quit)
It was a potion of degeneration.
There was something very wrong with that liquid.
You feel weakened.
Natasha stares at you and mumbles some strange words.
You resist with significant effort.
Drink which item? (? for menu, Esc to quit)
It was a potion of cancellation.
Your magical effects are unravelling.
You feel magically purged.
You feel less confused.
You feel a little less mighty now. Natasha casts a spell at you.
The magic dart hits you!
You die...

.##### .# ## .# .## .. #.#
..# ##...##.##§ #..# ##
..###.....#.##. ###.#. ...
..##....)... .. #.... g...
####.......# #. #.#.#.#..#
#.......# #.####.#......#
#.......# #..@h5g....#.#
#.#...#.########.......#
####.#.......#....÷###(.....
..##.#.......#....5# .#####
...................# #
..#########.##....<# .####
### #.##.....###....#
#.#####.....# #.##..%.....#


You could see Natasha, a white imp and a goblin.

Vanquished Creatures
  2 adders (D:2)
  A worm (D:2)
  3 giant geckos
  7 goblins
  5 hobgoblins
  2 jackals (D:1)
  A kobold (D:1)
  A quokka (D:2)
  A bat (D:1)
  2 giant newts
  6 rats
31 creatures vanquished.

Notes
Turn   | Place    | Note
--------------------------------------------------------------
     0 | D:1      | kae the Demonspawn Ice Elementalist began the quest for the Orb.
     0 | D:1      | Reached XP level 1. HP: 13/13 MP: 3/3
   651 | D:1      | Reached skill level 3 in Ice Magic
   770 | D:1      | Gained mutation: You are partially covered in large bone plates (AC +2, SH +2). [demonic ancestry]
   770 | D:1      | Reached XP level 2. HP: 8/19 MP: 0/5
  1640 | D:2      | Gained mutation: You are partially covered in sharp spines. [demonic ancestry]
  1640 | D:2      | Reached XP level 3. HP: 18/24 MP: 0/6
  2118 | D:2      | Learned a level 2 spell: Throw Frost
  2364 | D:2      | Noticed Natasha
  2411 | D:2      | Killed from afar by Natasha

Vault maps used:
D:1:      dpeg_arrival_water_fire
D:2:      nrook_loot_triangle, uniq_natasha

Action                   || total
-------------------------++-------
Melee: Dagger            ||    74
       Unarmed           ||     6
       Staff             ||     4
 Cast: Freeze            ||    26
  Use: Potion            ||     3
 Stab: Sleeping          ||     3
  Eat: Chunk             ||     5
